 Dungeon Sprint DCSS version 0.26-a0-737-g4e9f4955e2 (webtiles) character file.

Game seed: 8440101099002933593

1089 sahdkjhfkaj the Destroyer (level 8, -2/65 HPs)
             Began as a Gnoll Conjurer on Nov 4, 2020.
             Was a Believer of Dithmenos.
             Slain by a +2 glaive of freezing (7 damage)
             ... in the Dungeon (Sprint V: "Ziggurat Sprint").
             The game lasted 00:01:25 (212 turns).

sahdkjhfkaj the Destroyer (Gnoll Conjurer)           Turns: 212, Time: 00:01:26

Health: -2/65      AC:  5    Str:  9    XL:     8   Next: 31%
Magic:  8/20       EV: 17    Int: 35    God:    Dithmenos [**....]
Gold:   0          SH:  0    Dex: 14    Spells: 18/23 levels left

rFire    + . .     SeeInvis .   D - +8 lance "Wyrmbane" {slay drac, rPois rF+ rC+ AC+3}
rCold    + . .     Faith    .   (no shield)
rNeg     . . .     Spirit   .   a - +0 robe
rPois    +         Reflect  .   (no helmet)
rElec    .         Harm     .   (no cloak)
rCorr    .         Rampage  .   (no gloves)
MR       .....     NoTele   +   (no boots)
Stlth    +++++.....             (no amulet)
HPRegen  0.20/turn              x - +6 ring of intelligence
MPRegen  0.17/turn              w - +6 ring of intelligence

@: wreathed by umbra
A: distributed training, fangs 1, strong nose
a: Shadow Step, Renounce Religion


You were in the Dungeon.
You worshipped Dithmenos.
Dithmenos was pleased with you.
You visited 1 branch

Inventory:

Hand Weapons
 D - the +8 lance "Wyrmbane" (weapon) {slay drac, rPois rF+ rC+ AC+3}
   (You found it in the Dungeon)

   It affects your AC (+3).
   It protects you from fire.
   It protects you from cold.
   It protects you from poison.
Armour
 a - a +0 robe (worn)
 F - a +3 buckler
 G - a +3 kite shield
 H - a +3 tower shield
Jewellery
 k - a +4 ring of evasion
 t - an uncursed ring of flight
 u - a +6 ring of dexterity
 v - a +6 ring of dexterity
 w - a +6 ring of intelligence (right hand)
 x - a +6 ring of intelligence (left hand)
 y - a +6 ring of strength
 z - a +6 ring of strength
Wands
 A - a wand of disintegration (7)
 B - a wand of iceblast (7)
 C - a wand of acid (7)
Scrolls
 h - 4 scrolls of blinking {!r}
 n - 4 scrolls of amnesia {!r}
 o - 7 scrolls of fog {!r}
 p - a scroll of holy word {!r}
 q - 5 scrolls of identify {!r}
 r - 5 scrolls of remove curse {!r}
 s - 2 scrolls of fear {!r}
Potions
 b - 2 potions of brilliance {!q}
 c - 10 potions of curing {!q}
 d - 8 potions of heal wounds {!q}
 e - 6 potions of haste {!q}
 f - 7 potions of magic {!q}
 g - 2 potions of berserk rage {!q}
 i - 2 potions of invisibility {!q}
 j - 4 potions of resistance {!q}
 l - 5 potions of stabbing {!q}
 m - 5 potions of might {!q}
Miscellaneous
 E - a lightning rod (4/4)


   Skills:
 + Level 6.5 Fighting
 + Level 6.5 Short Blades
 + Level 6.5 Long Blades
 + Level 6.5 Axes
 + Level 6.5 Maces & Flails
 + Level 6.5 Polearms
 + Level 6.5 Staves
 + Level 6.5 Slings
 + Level 6.5 Bows
 + Level 6.5 Crossbows
 + Level 6.5 Throwing
 + Level 6.5 Armour
 + Level 8.1 Dodging
 + Level 7.8 Stealth
 + Level 6.5 Shields
 + Level 6.5 Unarmed Combat
 + Level 8.3 Spellcasting
 + Level 9.0 Conjurations
 + Level 5.4 Hexes
 + Level 5.4 Summonings
 + Level 5.4 Necromancy
 + Level 5.4 Translocations
 + Level 5.4 Transmutations
 + Level 5.4 Fire Magic
 + Level 5.4 Ice Magic
 + Level 5.4 Air Magic
 + Level 5.4 Earth Magic
 + Level 5.4 Poison Magic
 + Level 7.2 Invocations
 + Level 6.5 Evocations


You had 18 spell levels left.
You knew the following spells:

 Your Spells              Type           Power        Failure   Level
a - Magic Dart            Conj           ####         1%          1
f - Fulminant Prism       Conj/Hex       ######....   1%          4

Your spell library contained the following spells:

 Spells                   Type           Power        Failure   Level
 Searing Ray              Conj           ######       1%          2
 Dazzling Flash           Conj/Hex       ######       1%          3
 Iskenderun's Mystic Bla  Conj/Tloc      ######..     1%          4


Dungeon Overview and Level Annotations

Branches:
Dungeon (1/1)

Altars:
Ashenzari
Cheibriados
Dithmenos
Elyvilon
Fedhas
Gozag
Hepliaklqana
Kikubaaqudgha
Makhleb
Nemelex Xobeh
Okawaru
Qazlal
Ru
Sif Muna
Trog
Uskayaw
Vehumet
Wu Jian
Xom
Yredelemnul
Zin
The Shining One
Beogh
Jiyva
Lugonu

Annotations:
D 1 transporter


Innate Abilities, Weirdness & Mutations

Your experience applies equally to all skills.
You have very sharp teeth.
Your uncanny sense of smell can sniff out nearby items.


Message History

Okay, then.
Unknown command.
Casting: Fulminant Prism (dangerous; 1% risk of failure)
Confirm with . or Enter, or press ? or * to list all spells.
Press: ? - help, Dir - move target cursor You conjure a prism of explosive energy!
A fulminant prism comes into view.
The human barely misses you.
The +2 glaive of freezing hits you from afar!
* * * LOW HITPOINT WARNING * * *
The +2 glaive of freezing freezes you.
* * * LOW HITPOINT WARNING * * *
The deep elf mage gestures wildly while chanting.
Really quaff
d - 9 potions of heal wounds {!q}?
You feel much better. The human hits you.
* * * LOW HITPOINT WARNING * * *
The +2 glaive of freezing hits you from afar!!
* * * LOW HITPOINT WARNING * * *
The +2 glaive of freezing freezes you!
You die...

▓▓▓▓▓▓▓▓▓▓▓▓▓▓▓▓▓▓▓
▓.8©8.▓.8©8.▓.8©8.▓
∆
▓.|}|.▓.=)).▓.....▓
∆
▓..)E.▓.....▓.)...▓
▓...*.▓.....▓.†...▓
▓.e(..▓.†...▓.....▓
▓.p)..▓..†..▓..©..▓
▓..@E.▓..©..▓▓▓▓▓▓▓
▓▓▓▓▓▓▓▓▓▓▓▓▓ ∆∆∆
∆∆∆ ∆ ∆ ∆ ∆


You could see 2 earth elementals, a deep elf mage, a human shaped shifter, a +2
glaive of freezing and a friendly fulminant prism.

Vanquished Creatures
  A dancing weapon (D)
  A water moccasin (D)
  2 black bears (D)
  An adder (D)
  A ball python (D)
6 creatures vanquished.

Vanquished Creatures (others)
  4 fulminant prisms (D)
4 creatures vanquished.

Grand Total: 10 creatures vanquished

Notes
Turn   | Place    | Note
-------+----------+-------------------------------------------
     0 | D        | sahdkjhfkaj the Gnoll Conjurer began the quest for the Orb.
     0 | D        | Reached XP level 1. HP: 13/13 MP: 6/6
     0 | D        | Found a shimmering blue altar of Sif Muna.
     0 | D        | Found a sacrificial altar of Ru.
     0 | D        | Found a bloodstained altar of Trog.
     0 | D        | Found a stormy altar of Qazlal.
     0 | D        | Found an iron altar of Okawaru.
     0 | D        | Found a sparkling altar of Nemelex Xobeh.
     0 | D        | Found a blossoming altar of Fedhas.
     1 | D        | Found the +6 Majin-Bo {vamp, MP+6 Int+6}
     1 | D        | Found the +9 heavy crossbow "Sniper" {vorpal, Acc+∞ SInv}
     1 | D        | Found the +10 dark maul {vorpal}
     1 | D        | Found the +15 Maxwell's patent armour {-Cast -Tele rElec
                  | MR+ rCorr}
     1 | D        | Found the +18 shield of the Gong {rElec rN+ MR+ EV-5}
     1 | D        | Found the cursed +14 obsidian axe {vorpal, +Fly SInv
                  | *Curse}
     1 | D        | Found the +7 great mace "Firestarter" {inner flame, rF++}
     1 | D        | Found the +6 shillelagh "Devastator" {shatter}
     1 | D        | Found the +11 plutonium sword {*Contam Stlth-}
     1 | D        | Found the +8 lance "Wyrmbane" {slay drac, rPois rF+ rC+
                  | AC+3}
     1 | D        | Found the +9 sword of Zonguldrok {reap}
     1 | D        | Found the cursed +13 scythe of Curses {drain, *Curse}
     1 | D        | Found the +0 sword of Power
     1 | D        | Found the +7 mace of Variability {chain chaos}
     1 | D        | Found the +7 Singing Sword {vorpal, sonic wave}
     1 | D        | Found the +8 storm bow {elec, penet}
     2 | D        | Found a transporter.
     2 | D        | Found an ancient bone altar of Kikubaaqudgha.
     2 | D        | Found a viscous altar of Jiyva.
     2 | D        | Found a corrupted altar of Lugonu.
     2 | D        | Found a hazy altar of Hepliaklqana.
     2 | D        | Found a burning altar of Makhleb.
     2 | D        | Found an opulent altar of Gozag.
    65 | D        | Became a worshipper of Dithmenos the Shadowed
    81 | D        | Entered arena 2.
    81 | D        | Noticed a black bear
    81 | D        | Noticed a black bear
    81 | D        | Found a transporter.
    85 | D        | Killed a black bear
    85 | D        | Reached skill level 5 in Dodging
    85 | D        | Reached skill level 5 in Stealth
    85 | D        | Reached skill level 5 in Spellcasting
    85 | D        | Reached XP level 2. HP: 23/23 MP: 6/8
    85 | D        | Reached XP level 3. HP: 28/28 MP: 7/10
    85 | D        | Reached XP level 4. HP: 34/34 MP: 7/11
    87 | D        | Killed a black bear
    87 | D        | Reached XP level 5. HP: 42/42 MP: 7/13
    92 | D        | Reached skill level 5 in Fighting
    92 | D        | Reached skill level 5 in Short Blades
    92 | D        | Reached skill level 5 in Long Blades
    92 | D        | Reached skill level 5 in Axes
    92 | D        | Reached skill level 5 in Maces & Flails
    92 | D        | Reached skill level 5 in Polearms
    92 | D        | Reached skill level 5 in Staves
    92 | D        | Reached skill level 5 in Slings
    92 | D        | Reached skill level 5 in Bows
    92 | D        | Reached skill level 5 in Crossbows
    92 | D        | Reached skill level 5 in Throwing
    92 | D        | Reached skill level 5 in Armour
    92 | D        | Reached skill level 5 in Shields
    92 | D        | Reached skill level 5 in Unarmed Combat
    92 | D        | Reached skill level 8 in Conjurations
    92 | D        | Reached skill level 5 in Invocations
    92 | D        | Reached skill level 5 in Evocations
    92 | D        | Reached XP level 6. HP: 47/51 MP: 8/16
   139 | D        | Learned a level 4 spell: Fulminant Prism
   139 | D        | Entered arena 3.
   139 | D        | Noticed a water moccasin
   139 | D        | Found a transporter.
   142 | D        | Reached * piety under Dithmenos
   143 | D        | Killed a water moccasin
   143 | D        | Reached XP level 7. HP: 56/56 MP: 9/18
   203 | D        | Got the ring of the Coward {rC- EV+4 Dex+5 SInv Stlth+}
   206 | D        | Entered arena 4.
   206 | D        | Noticed a deep elf mage
   206 | D        | Noticed a +2 scimitar of venom
   206 | D        | Noticed a +2 glaive of freezing
   206 | D        | Noticed a human
   206 | D        | a black bear changed into a human
   206 | D        | Found a transporter.
   210 | D        | Killed a +2 scimitar of venom
   210 | D        | Reached ** piety under Dithmenos
   210 | D        | Reached skill level 9 in Conjurations
   210 | D        | Reached skill level 5 in Hexes
   210 | D        | Reached skill level 5 in Summonings
   210 | D        | Reached skill level 5 in Necromancy
   210 | D        | Reached skill level 5 in Translocations
   210 | D        | Reached skill level 5 in Transmutations
   210 | D        | Reached skill level 5 in Fire Magic
   210 | D        | Reached skill level 5 in Ice Magic
   210 | D        | Reached skill level 5 in Air Magic
   210 | D        | Reached skill level 5 in Earth Magic
   210 | D        | Reached skill level 5 in Poison Magic
   210 | D        | Reached XP level 8. HP: 42/65 MP: 11/20
   212 | D        | Slain by a +2 glaive of freezing

Illustrated notes

Levels and vault maps discovered:
D:        sprint_v [room_start, room_1, room_2, room_3, room_4, room_5, room_6,
          room_7, room_8, room_9, room_10, room_11, room_12, room_13, room_14,
          room_15, room_16, room_17, room_18, room_19, room_20, room_21,
          room_22, room_23, room_24, room_25, room_26, room_27]

Skill      XL: |  1  2  3  4  5  6  7 |
---------------+----------------------+-----
Fighting       | 2 3 5 6 |  6.5
Short Blades   | 2 3 5 6 |  6.5
Long Blades    | 2 3 5 6 |  6.5
Axes           | 2 3 5 6 |  6.5
Maces & Flails | 2 3 5 6 |  6.5
Polearms       | 2 3 5 6 |  6.5
Staves         | 2 3 5 6 |  6.5
Slings         | 2 3 5 6 |  6.5
Bows           | 2 3 5 6 |  6.5
Crossbows      | 2 3 5 6 |  6.5
Throwing       | 2 3 5 6 |  6.5
Armour         | 2 3 5 6 |  6.5
Dodging        | 5 7 8 |  8.1
Stealth        | 5 6 7 |  7.8
Shields        | 2 3 5 6 |  6.5
Unarmed Combat | 2 3 5 6 |  6.5
Spellcasting   | 5 6 7 8 |  8.3
Hexes          | 2 3 4 5 |  5.4
Summonings     | 2 3 4 5 |  5.4
Necromancy     | 2 3 4 5 |  5.4
Translocations | 2 3 4 5 |  5.4
Transmutations | 2 3 4 5 |  5.4
Fire Magic     | 2 3 4 5 |  5.4
Ice Magic      | 2 3 4 5 |  5.4
Air Magic      | 2 3 4 5 |  5.4
Earth Magic    | 2 3 4 5 |  5.4
Poison Magic   | 2 3 4 5 |  5.4
Invocations    | 3 4 5 6 7 |  7.2
Evocations     | 2 3 5 6 |  6.5
Conjurations   | 8 9 |  9.0

Action                   |  1- 3 |  4- 6 |  7- 9 || total
-------------------------+-------+-------+-------++-------
Melee: Lance             |     2 |     2 |       ||     4
       Bite              |       |     1 |       ||     1
 Cast: Fulminant Prism   |       |     2 |     3 ||     5
  Use: Potion            |     1 |     1 |     2 ||     4
Armor: Robe              |     3 |     2 |       ||     5
Dodge: Dodged            |     2 |     2 |     3 ||     7

Table legend: (Time is in decaauts)
 A = Elapsed time spent in this place.
 B = Non-inter-level travel time spent in this place.
 C = Inter-level travel time spent in this place.
 D = Time resting spent in this place.
 E = Time spent auto-exploring this place.
 F = Levels seen in this place.
 G = Mean time per level.
                   A        B        C        D        E       F      G
               +--------+--------+--------+--------+--------+-----+--------+
         Total |    220 |    220 |      0 |    101 |     22 |   1 |  220.0 |
       Dungeon |    220 |    220 |      0 |    101 |     22 |   1 |  220.0 |
               +--------+--------+--------+--------+--------+-----+--------+

Top non-repeatable levels by time:
       D: 220 daAuts
